Map: Ultralove

Players

ihatetomato

  • Race: Zerg Zerg
  • League: Diamond
  • Spawn Location: 1:00

wootwoot - Winner!

  • Race: Zerg Zerg
  • League: Diamond
  • Spawn Location: 7:00

VOD

Have the link to the VOD?

Description

Time

  • Played on: April 2, 2025, 8:10 p.m.
  • Length: 3:59
Show
View Real Time Build Order
Export as new Build Order

ihatetomato Zerg 

Build Orders: Hatch First 

Get SALT Encoding   

  12  0:00  Drone  
  13  0:13  Overlord  
  13  0:18  Drone  
  14  0:32  Drone x2  
  14  0:35  Drone  
  17  0:51  Hatchery  
  17  0:54  Drone  
  17  0:57  Drone  
  18  1:08  Extractor  
  17  1:12  Spawning Pool  
  17  1:15  Drone  
  17  1:18  Drone  
  18  1:28  Drone  
  19  1:43  Hatchery  
  18  1:48  Drone  
  18  1:52  Drone  
  20  1:59  Queen  
  22  2:16  Spine Crawler, Zergling x2  
  22  2:17  Zergling x4  
  22  2:19  Zergling x2  
  22  2:22  Zergling x2  
  26  2:26  Zergling x2  
  27  2:34  Zergling x2  
  28  2:52  Overlord  
  28  3:01  Queen, Baneling Nest  
  23  3:13  Zergling x4  
  23  3:19  Zergling x6  
  27  3:20  Zergling x2  
  24  3:34  Zergling x2  
Show
View Real Time Build Order
Export as new Build Order

wootwoot Zerg - Winner!

Build Orders: Hatch First 

Get SALT Encoding   

  12  0:00  Drone  
  13  0:10  Drone  
  14  0:14  Drone, Extractor  
  15  0:35  Hatchery  
  14  0:37  Extractor  
  14  0:40  Drone  
  14  0:56  Spawning Pool  
  13  1:00  Drone  
  14  1:10  Overlord  
  14  1:42  Metabolic Boost  
  14  1:43  Zergling x2  
  14  1:44  Zergling x4  
  17  1:47  Zergling x2  
  18  1:55  Queen  
  18  1:56  Zergling x2  
  18  2:01  Zergling x2  
  22  2:06  Overlord  
  22  2:12  Zergling x2  
  23  2:18  Zergling x2  
  23  2:22  Zergling x2  
  25  2:28  Zergling x2  
  26  2:35  Zergling x2  
  27  2:40  Zergling x2  
  27  2:47  Zergling x2  
  27  2:51  Zergling x2  
  29  2:55  Zergling x2  
  30  2:59  Zergling x2  
  30  3:00  Queen  
  30  3:04  Drone  
  34  3:08  Zergling x2  
  34  3:09  Zergling x2  
  35  3:12  Zergling x2  
  35  3:15  Zergling x2  
  35  3:20  Zergling x2  
Tags
 
Matchup
ZvZ
Race
Zerg
Replay Pack
B2M-Replays
Spawn Locations
Cross Positions
Add a new tag
Caveats
  • Supply blocks, unpowered buildings, or Contaminate may cause inaccurate times.
  • Supply counts are checked every 10 seconds.